AoeStats
← ulisesbazan

Arabia

508345413Analyzed
1v1 RM · 10d ago on Sep 22, 2026· 67m 50s· 2 players
Game mode
Random Map
Map size
Tiny (2 player)
Population
200
Speed
Normal
Resources
Standard
Victory
Conquest
Starting age
Dark Age
Ending age
Imperial Age
RankedLock teamsTeams togetherTeam positionsShared explorationLock speedFull tech treeHidden civsTurbo modeCheats
Victory
Defeat
🇺🇸 Byzantines · United States
687
+15
🇦🇷 Vikings · Argentina
676
-15
ulisesbazan
5:26 Loom
9:32 Feudal Age
10:19 Double-Bit Axe
14:50 Forging
16:52 Town Watch
18:18 Horse Collar
20:25 Fletching
21:23 Stone Mining
24:30 Castle Age
24:36 Gold Mining
26:34 Gold Shaft Mining
27:08 Bodkin Arrow
27:50 Iron Casting
26:47 Crossbowman
30:15 Town Patrol
30:44 Bow Saw
31:24 Scale Barding Armor
32:14 Heated Shot
33:08 Ballistics
36:58 Heavy Plow
41:44 Imperial Age
43:25 Pikeman
44:06 Squires
43:35 Cavalier
45:46 Chemistry
49:24 Elite Berserk
54:12 Elite Skirmisher
55:35 Arbalester
58:37 Two-Man Saw
60:56 Bracer
60:59 Padded Archer Armor
64:54 Murder Holes
66:03 Blast Furnace
65:19 Leather Archer Armor
65:29 Chain Barding Armor
65:10 Scale Mail Armor
Grandma's Boy
5:38 Loom
12:48 Feudal Age
13:11 Horse Collar
13:24 Double-Bit Axe
15:04 Wheelbarrow
24:33 Scale Mail Armor
24:23 Fletching
26:37 Castle Age
25:34 Padded Archer Armor
25:45 Forging
27:00 Scale Barding Armor
27:26 Heavy Plow
27:56 Bow Saw
29:49 Hand Cart
29:27 Pikeman
31:00 Husbandry
31:05 Bodkin Arrow
31:37 Chain Mail Armor
32:38 Leather Archer Armor
32:52 Elite Skirmisher
34:32 Chain Mail Armor
36:48 Thumb Ring
46:41 Imperial Age
46:19 Chain Barding Armor
46:35 Iron Casting
49:53 Conscription
51:21 Bracer
51:53 Ring Archer Armor
51:54 Plate Mail Armor
52:01 Plate Barding Armor
51:54 Halberdier
53:46 Elite Cataphract
57:36 Arson
57:52 Squires
63:39 Two-Man Saw
64:24 Ballistics
65:04 Chemistry
65:37 Arson
66:34 Logistica
Connection lost

Rejoining the realm…

Still unreachable

The connection could not be restored.

Session expired

The server has moved on; the page needs a fresh start.